cohdb
Replays
Latest Replays
All Replays
Popular Replays
Top Player Replays
Match Explorer
How It Works
Community
CoH3 Stats
Reddit
Sign in to upload your games and track your stats! →
Sign in with Steam
Match 44316527
Unlisted
Match 44316527
Overview
Messages
Build Orders
End
Construct Barracks
Riflemen Squad
Riflemen Squad
Selects Advanced Infantry Battlegroup
Riflemen Squad
M1 Mortar Team
Selects Convert to Ranger Squad
Infantry Support Center
Convert to Ranger Squad
Convert to Ranger Squad
Advanced Logistics
Engineer Squad
M1 Mortar Team
Selects Frontline Medical Station
Construct Weapon Support Center
Survival Training
Selects Ammunition Storage
Frontline Medical Station
Munitions Surplus
Selects M2A1 105mm Howitzer Emplacement
.30 cal Machine Gun
Selects Free Fire Drills
Convert to Ranger Squad
.30 cal Machine Gun
marty_not_mcfly
Arturokq
HuWooD
Mustache and Melons
0
0
Comments
sign in to comment!
No comments posted yet!